Map: New Gettysburg LE

Players

Swarm - Winner!

  • Race: Zerg Zerg

EatsRainbows

  • Race: Protoss Protoss
  • League: Diamond

VOD

Have the link to the VOD?

Description

Time

  • Played on: Oct. 19, 2016, 1:33 a.m.
  • Length: 18:57
Show
View Real Time Build Order
Export as new Build Order

Swarm Zerg - Winner!

Build Orders: Hatch First, Lurkers 

Get SALT Encoding   

  12  0:01  Drone  
  13  0:13  Drone  
  14  0:20  Overlord  
  14  0:38  Drone x2  
  14  0:39  Drone  
  17  0:57  Unknown, Hatchery  
  16  1:00  Drone  
  16  1:03  Drone  
  18  1:06  Extractor  
  17  1:12  Drone  
  18  1:23  Spawning Pool  
  18  1:25  Drone  
  18  1:33  Drone  
  19  1:45  Drone  
  20  1:54  Overlord  
  20  2:06  Drone  
  20  2:08  Unknown  
  21  2:10  Drone  
  21  2:11  Queen  
  21  2:12  Queen  
  26  2:18  Drone  
  26  2:22  Drone  
  28  2:31  Metabolic Boost  
  28  2:34  Drone x2  
  30  2:37  Zergling x2  
  30  2:42  Zergling x2  
  32  2:55  Queen x2  
  36  3:00  Overlord  
  36  3:03  Overlord  
  36  3:21  Drone  
  36  3:22  Drone x7  
  36  3:26  Evolution Chamber  
  43  3:48  Pneumatized Carapace  
  43  3:51  Lair  
  43  3:59  Extractor  
  43  4:00  Drone x2  
  43  4:02  Overlord  
  44  4:03  Overlord x3  
  44  4:16  Unknown, Hatchery  
  43  4:23  Zergling x2  
  44  4:24  Zergling x16  
  52  4:35  Zerg Melee Weapons Level 1  
  52  4:45  Drone  
  53  4:47  Baneling Nest  
  53  4:50  Drone x4  
  56  5:19  Zergling x2  
  56  5:20  Zergling x12  
  59  5:27  Unknown  
  58  5:29  Zergling x2  
  58  5:30  Zergling x8  
  63  5:38  Queen  
  65  5:49  Zergling x2  
  66  5:50  Zergling x16  
  66  5:51  Unknown, Hatchery  
  74  6:04  Zergling x8  
  77  6:18  Baneling x4  
  77  6:27  Baneling x3  
  77  6:28  Baneling  
  77  6:44  Zergling x10  
  77  6:45  Overlord  
  77  6:46  Overlord x6  
  82  6:59  Drone  
  82  7:02  Queen, Unknown  
  84  7:10  Unknown, Hatchery  
  74  7:35  Zergling x34  
  91  7:41  Baneling x2  
  91  7:42  Baneling  
  90  7:50  Zergling x10  
  88  8:05  Zergling x8  
  80  8:22  Unknown  
  80  8:29  Overlord x2  
  80  8:30  Overlord x3  
  75  8:41  Zergling x12  
  75  8:44  Baneling x2  
  75  8:45  Baneling x17  
  80  9:02  Drone  
  81  9:03  Drone x7  
  81  9:04  Queen  
  90  9:16  Spire  
  89  9:19  Overlord  
  89  9:20  Overlord  
  85  9:29  Zergling x26  
  75  9:46  Hydralisk Den  
  75  9:48  Zerg Missile Weapons Level 1  
  75  9:51  Evolution Chamber  
  73  9:53  Extractor  
  73  9:54  Extractor  
  73  9:58  Drone x4  
  73  9:59  Drone x2  
  77  10:00  Drone  
  77  10:04  Extractor  
  77  10:06  Zergling x2  
  83  10:07  Extractor, Zergling x16  
  83  10:09  Extractor  
  80  10:34  Drone  
  80  10:35  Drone x2  
  83  10:36  Drone x3  
  83  10:39  Drone x2  
  83  10:40  Drone  
  89  10:45  Muscular Augments, Hydralisk x2  
  89  10:46  Hydralisk x8  
  109  10:51  Zerg Melee Weapons Level 2  
  109  10:55  Drone  
  109  10:56  Drone x3  
  113  10:57  Drone  
  111  11:08  Hydralisk  
  111  11:09  Hydralisk x2  
  115  11:16  Spine Crawler  
  115  11:17  Spine Crawler  
  113  11:23  Spine Crawler  
  110  11:35  Zergling x8  
  110  11:36  Zergling x10  
  92  12:01  Zergling x2  
  92  12:02  Zergling x24  
  92  12:04  Drone x3  
  108  12:30  Unknown, Hatchery  
  107  12:42  Lurker Den  
  107  13:05  Zerg Missile Weapons Level 2  
  107  13:07  Hydralisk  
  107  13:08  Hydralisk x11  
  107  13:11  Baneling x5  
  107  13:12  Baneling  
  131  13:30  Unknown, Hatchery  
  130  13:42  Unknown  
  130  14:09  Lurker x4  
  135  14:10  Lurker x2, Extractor  
  135  14:11  Lurker x2  
  135  14:14  Overseer x2  
  135  14:15  Overseer  
  137  14:25  Hydralisk  
  137  14:26  Hydralisk x3  
  137  14:27  Zergling x2  
  137  14:28  Zergling x32  
  137  14:30  Baneling x2  
  137  14:31  Baneling x2  
  162  14:32  Baneling  
  162  14:33  Baneling  
  162  14:39  Baneling x5  
  162  14:40  Baneling x4  
  162  14:41  Unknown  
  112  15:18  Zergling x14  
  112  15:19  Zergling x32  
  135  15:36  Zergling x20  
  135  15:37  Zergling x2  
  126  15:59  Hydralisk  
  126  16:00  Hydralisk x5  
  138  16:06  Hydralisk x2  
  142  16:25  Baneling  
  139  16:26  Baneling  
  139  16:27  Baneling x18  
  139  16:28  Baneling x2  
  118  16:57  Zergling x10  
  118  16:58  Zergling x26  
  91  17:41  Hydralisk  
  91  17:42  Hydralisk x11  
  112  17:49  Hydralisk  
  112  17:50  Hydralisk  
  103  18:18  Baneling x3  
  103  18:19  Hydralisk x7  
  116  18:42  Drone  
  116  18:43  Drone x5  
  116  18:44  Drone  
Show
View Real Time Build Order
Export as new Build Order

EatsRainbows Protoss 

Build Orders: 1 Gate Expand 

Get SALT Encoding   

  12  0:01  Probe (Chrono Boost)  
  13  0:11  Probe (Chrono Boost)  
  14  0:18  Pylon  
  14  0:22  Probe (Chrono Boost)  
  15  0:37  Probe (Chrono Boost)  
  15  0:40  Gateway  
  16  0:47  Probe (Chrono Boost)  
  17  0:54  Assimilator  
  17  0:58  Probe (Chrono Boost)  
  18  1:08  Probe (Chrono Boost)  
  19  1:23  Nexus, Unknown  
  19  1:34  Cybernetics Core  
  19  1:40  Assimilator  
  19  1:41  Probe (Chrono Boost)  
  20  1:54  Pylon  
  20  2:10  Adept  
  22  2:18  Mothership Core (Chrono Boost)  
  24  2:27  Gateway  
  24  2:34  Unknown  
  24  2:36  Probe (Chrono Boost)  
  25  2:37  Probe (Chrono Boost)  
  26  2:50  Twilight Council  
  26  2:52  Probe (Chrono Boost)  
  26  2:53  Probe (Chrono Boost)  
  26  2:55  Warp Gate  
  28  3:02  Probe (Chrono Boost)  
  28  3:03  Probe (Chrono Boost)  
  30  3:05  Pylon  
  30  3:13  Probe (Chrono Boost)  
  30  3:16  Probe (Chrono Boost), Resonating Glaives  
  32  3:27  Adept  
  32  3:33  Adept  
  36  3:38  Probe (Chrono Boost)  
  36  3:40  Pylon  
  37  3:46  Probe (Chrono Boost)  
  38  3:51  Probe (Chrono Boost)  
  39  3:58  Adept, Probe (Chrono Boost)  
  39  4:00  Gateway  
  43  4:03  Probe (Chrono Boost)  
  43  4:07  Adept  
  45  4:14  Probe (Chrono Boost)  
  45  4:15  Probe (Chrono Boost)  
  47  4:24  Assimilator  
  46  4:26  Probe (Chrono Boost)  
  46  4:27  Probe (Chrono Boost)  
  48  4:32  Robotics Facility  
  48  4:35  Forge  
  48  4:40  Robotics Facility  
  48  4:43  Blink  
  48  4:44  Probe (Chrono Boost)  
  50  4:46  Probe (Chrono Boost)  
  50  5:01  Adept x3  
  56  5:10  Probe x2 (Chrono Boost)  
  54  5:27  Adept x3  
  54  5:36  Templar Archives  
  54  5:53  Protoss Ground Weapons Level 1  
  54  5:56  Pylon  
  54  6:03  Probe x2 (Chrono Boost)  
  56  6:08  Assimilator  
  56  6:10  Observer  
  57  6:15  Probe x2 (Chrono Boost)  
  59  6:20  Pylon  
  59  6:23  Photon Cannon  
  59  6:31  High Templar  
  61  6:37  Observer  
  62  6:42  Probe x2 (Chrono Boost)  
  64  6:47  Adept x2  
  68  6:58  Gateway  
  68  7:00  Probe x2 (Chrono Boost)  
  69  7:03  Gateway  
  69  7:17  Stalker  
  69  7:18  Stalker x2  
  67  7:39  Pylon  
  67  7:48  Adept x2  
  67  7:49  Adept  
  59  8:25  Stalker x3  
  65  8:47  High Templar  
  65  8:48  Gateway  
  67  8:50  Stalker x3  
  67  8:52  Nexus, Unknown  
  73  8:55  Pylon  
  73  8:57  Adept, Pylon  
  73  9:00  Archon  
  75  9:15  Adept x3  
  81  9:29  Adept x2  
  65  9:39  Adept x2  
  67  9:46  High Templar  
  67  9:51  Probe x2 (Chrono Boost)  
  71  9:55  High Templar  
  71  9:56  High Templar  
  75  10:00  High Templar  
  75  10:01  Archon  
  75  10:03  Probe x2 (Chrono Boost)  
  75  10:04  Unknown  
  79  10:13  Archon  
  79  10:14  Adept x2  
  81  10:23  Adept  
  83  10:31  Adept x2  
  87  10:36  Photon Cannon  
  87  10:39  Photon Cannon  
  87  10:42  Pylon  
  87  10:44  Adept x2  
  91  10:54  Probe x2 (Chrono Boost)  
  93  11:08  Probe (Chrono Boost)  
  93  11:09  Probe x2 (Chrono Boost)  
  96  11:19  Robotics Bay, Immortal x2  
  76  11:54  Probe x2 (Chrono Boost)  
  76  11:55  Adept x4  
  76  11:56  Adept x2  
  76  11:59  Gateway  
  84  12:03  Gateway  
  84  12:04  Gateway  
  84  12:08  Disruptor x2  
  90  12:12  Nexus, Unknown  
  90  12:14  Pylon  
  90  12:15  Pylon  
  90  12:17  Pylon  
  90  12:18  Gateway  
  90  12:21  Gateway  
  90  12:24  Adept, Pylon  
  90  12:25  Adept x4  
  100  12:32  Gateway  
  100  12:39  Assimilator  
  100  12:41  Assimilator  
  100  12:42  Gateway  
  100  12:43  Gateway  
  100  12:49  Zealot x5  
  100  12:50  Zealot  
  112  12:55  Probe (Chrono Boost)  
  112  12:56  Probe x2 (Chrono Boost), Charge  
  115  12:58  Disruptor  
  115  13:03  Zealot x2  
  115  13:04  Zealot  
  124  13:24  Unknown  
  126  13:34  Probe (Chrono Boost)  
  126  13:35  Probe (Chrono Boost)  
  126  13:36  Probe (Chrono Boost)  
  126  13:40  Adept x2  
  126  13:41  High Templar  
  133  13:44  Assimilator  
  133  13:45  Assimilator  
  133  13:48  Probe (Chrono Boost)  
  134  14:02  High Templar x2  
  138  14:06  Archon  
  138  14:13  High Templar  
  138  14:16  Zealot x3  
  138  14:17  Zealot x4  
  148  14:22  Disruptor  
  157  14:25  Archon  
  157  14:42  High Templar  
  157  14:43  High Templar, Pylon x2  
  161  14:46  Zealot x2  
  161  14:47  Zealot x3  
  161  14:48  Archon  
  107  15:20  High Templar x3  
  105  15:29  Archon  
  105  15:31  Zealot x5  
  105  15:32  Zealot x2  
  119  15:42  Disruptor  
  119  15:43  Disruptor  
  125  15:51  Probe (Chrono Boost)  
  125  15:52  Probe (Chrono Boost)  
  125  15:53  Probe x2 (Chrono Boost)  
  126  16:03  High Templar  
  129  16:04  Zealot  
  129  16:05  Probe (Chrono Boost), Zealot x6  
  129  16:06  Zealot  
  129  16:11  Archon  
  145  16:18  Adept, Disruptor x2  
  141  16:24  Probe x2 (Chrono Boost)  
  141  16:25  Probe x2 (Chrono Boost)  
  150  16:37  Photon Cannon  
  138  16:58  Adept x4  
  133  17:28  Adept x2  
  133  17:29  Adept x4  
  118  17:47  Adept x2  
  118  18:05  Adept x2  
  120  18:20  Observer  
  120  18:23  Nexus, Unknown  
  121  18:42  Probe x2 (Chrono Boost)  
  121  18:43  Probe (Chrono Boost)  
Tags
 
Add a new tag
Caveats
  • Supply blocks, unpowered buildings, or Contaminate may cause inaccurate times.
  • Supply counts are checked every 10 seconds.